 Dungeon Crawl Stone Soup version 0.30.1-9-gdf580d7c3d (webtiles) character file.

Game seed: 7759529879062798190

1262 Atelerd the Digger (level 8, -1/46 (48) HPs)
             Began as an Octopode Earth Elementalist on Sept 25, 2023.
             Slain by a wight
             ... wielding a +3 flail
              (10 damage)
             ... on level 7 of the Dungeon.
             The game lasted 00:06:45 (6620 turns).

Atelerd the Digger (Octopode Earth Elementalist)    Turns: 6620, Time: 00:06:46

HP:   -1/46 (48)    AC:  1    Str:  8    XL:     8   Next: 52%
MP:   26/26         EV: 14    Int: 23    God:
Gold: 198           SH:  0    Dex: 14    Spells: 14/19 levels left

rFire   + . .        n - +0 dagger (venom)
rCold   . . .        (no shield)
rNeg    . . .        (helmet restricted)
rPois   .            (no amulet)
rElec   .            h - ring of protection from fire
rCorr   +            j - +6 ring of intelligence
SInv    .            D - ring of magical power
Will    .....        F - ring of resist corrosion
Stlth   ++           (no ring)
HPRegen 0.27/turn    (no ring)
MPRegen 0.20/turn    (no ring)
                     (no ring)

%: no passive effects
@: confused, brilliant, ambrosia-drunk, lightly drained
A: almost no armour, amphibious, 8 rings, camouflage 1, gelatinous body 1,
(nimble swimmer 1), tentacles
a: no special abilities


You were on level 7 of the Dungeon.
You visited 1 branch of the dungeon, and saw 7 of its levels.

You collected 297 gold pieces.
You spent 99 gold pieces at shops.

Inventory:

Hand Weapons
 n - a +0 dagger of venom (weapon)
 v - the +4 spear "Xeticlaj" {holy, Fragile Fly rF- Dex+6}
   (You found it on level 3 of the Dungeon)

   Dex:       It affects your dexterity (+6).
   rF:        It makes you vulnerable to fire.
   Fly:       It grants you flight.
   Fragile:   It will be destroyed if unequipped.
Missiles
 A - a throwing net
Jewellery
 h - a ring of protection from fire (left tentacle)
 j - a +6 ring of intelligence (right tentacle)
 p - a ring of flight
 D - a ring of magical power (on tentacle)
 F - a ring of resist corrosion (on tentacle)
Wands
 q - a wand of digging (4)
 u - a wand of iceblast (4)
 x - a wand of quicksilver (3)
Scrolls
 b - 2 scrolls of fog
 d - 4 scrolls of teleportation
 e - 4 scrolls of poison
 g - 2 scrolls of blinking {unknown}
 k - a scroll of amnesia {unknown}
 l - a scroll of torment {unknown}
 m - 5 scrolls of immolation
 o - a scroll of noise
 r - a scroll of magic mapping
 w - a scroll of brand weapon {unknown}
 y - a scroll of enchant armour
 B - a scroll of enchant weapon {unknown}
Potions
 a - a potion of magic
 c - 3 potions of might
 f - 2 potions of curing
 i - 3 potions of attraction
 s - a potion of haste
 t - a potion of ambrosia
 z - 2 potions of flight
 C - a potion of lignification {unknown}
 G - a potion of degeneration {unknown}


   Skills:
 - Level 1.1 Fighting
 - Level 1.0 Short Blades
 - Level 3.0 Dodging
 + Level 4.0 Stealth
 - Level 0.2 Unarmed Combat
 - Level 6.4 Spellcasting
 * Level 2.8 Transmutations
 - Level 6.4 Earth Magic
 - Level 0.1 Evocations


You had 14 spell levels left.
You knew the following spells:

 Your Spells              Type           Power      Damage    Failure   Level
a - Sandblast             Erth           100%       2d20      1%          1
p - Petrify               Tmut/Erth      42%        N/A       12%         4

Your spell library contained the following spells:

 Spells                   Type           Power      Damage    Failure   Level
 Passwall                 Tmut/Erth      35%        N/A       1%          2
 Stone Arrow              Conj/Erth      66%        3d11      7%          3
 Summon Small Mammal      Summ           44%        N/A       9%          1
 Call Canine Familiar     Summ           11%        N/A       24%         3
 Summon Guardian Golem    Hex/Summ       11%        N/A       24%         3
 Lehudib's Crystal Spear  Conj/Erth      16%        10d5      100%        8
 Animate Armour           Summ/Erth      Unusable   N/A       N/A         4

Dungeon Overview and Level Annotations

Branches:
Dungeon (7/15)             Temple (0/1) D:7

Altars:
Vehumet
Xom
Zin

Shops:
D:2 ?   D:7 ?

Annotations:
D:2 1 runed translucent door, Crazy Yiuf
D:6 2 transporters


Innate Abilities, Weirdness & Mutations

You cannot wear most types of armour.
You are amphibious.
You can wear up to eight rings at the same time.
Your skin changes colour to match your surroundings (Stealth+).
Your rubbery body absorbs attacks. (AC +1, EV +1)
((You are camouflaged when in or above water. (Stealth+)))
You have tentacles for arms and can constrict up to eight enemies at once.


Message History

Training target 3.0 for Dodging reached!
Your Dodging skill increases to level 3!
Unknown command.
Aiming: Iceblast
Press: ? - help, Shift-Dir - straight line The mass of ice explodes!
The iceblast engulfs the wight.
The wight partially resists.
The wight is moderately damaged.
The iceblast engulfs the wight!
The wight partially resists.
You destroy the wight!
Your Stealth skill increases to level 4!
Unknown command.
Unknown command.
Aiming: Iceblast
Press: ? - help, Shift-Dir - straight line The mass of ice explodes!
The iceblast engulfs the wight!
The wight partially resists.
The wight is severely damaged.
The iceblast engulfs the wight.
The wight partially resists.
The wight is moderately damaged.
Unknown command.
The blast of sand hits the wight but does no damage.
The wight is moderately damaged.
The wight hits you with a +3 flail!
You feel drained. The wight hits you with a +3 flail!
* * * LOW HITPOINT WARNING * * *
You feel drained.
* * * LOW HITPOINT WARNING * * *
You feel better. The wight hits you with a +2 hand axe!
* * * LOW HITPOINT WARNING * * *
The wight hits you but does no damage.
It was a potion of ambrosia.
You are confused.
You feel invigorated. The wight barely misses you.
The wight hits you with a +2 hand axe.
* * * LOW HITPOINT WARNING * * *
It was a potion of brilliance.
You feel clever all of a sudden. The wight hits you with a +3 flail!
You die...

#.......# ##.####.#
#.##.# # ##....#..# ##
.....##.. .##
.##.###.# ..####
##..##.. #######.....#
#P.P#.. #...)z.....#
##.##.# ##.).)z@...#
#...#P####..#######..#
z)>zz.)##..## #
#...#P.z..##
##.######## .P.P#
....# .##.. # #..


You could see 2 wights.

Vanquished Creatures
  Sigmund (D:2)
  A water moccasin (D:5)
  A black bear (D:5)
  A bullfrog (D:6)
  A scorpion (D:7)
  2 wights (D:7)
  A howler monkey (D:7)
  2 jellies
  3 orc priests
  2 hounds
  A sleepcap (D:5)
  A gnoll bouda (D:7)
  An orc wizard (D:2)
  Robin (D:2)
  5 gnolls (D:7)
  18 adders
  An ufetubus (D:6)
  8 worms
  3 dart slugs
  11 orcs
  3 bats
  7 endoplasms
  2 giant cockroaches (D:4)
  12 goblins
  9 hobgoblins
  4 jackals (D:1)
  2 kobolds (D:1)
  2 quokkas
  7 ball pythons
  7 frilled lizards
  6 rats
126 creatures vanquished.

Notes
Turn   | Place    | Note
-------+----------+-------------------------------------------
     0 | D:1      | Atelerd the Octopode Earth Elementalist began the quest for
                  | the Orb.
     0 | D:1      | Reached XP level 1. HP: 11/11 MP: 3/3
   162 | D:1      | Reached XP level 2. HP: 17/17 MP: 3/5
   631 | D:1      | Reached XP level 3. HP: 18/21 MP: 3/6
  1253 | D:2      | Reached XP level 4. HP: 24/27 MP: 5/8
  1299 | D:2      | Learned a level 4 spell: Petrify
  1443 | D:2      | Found a runed translucent door.
  1444 | D:2      | Noticed Crazy Yiuf
  1486 | D:2      | Noticed Robin
  1493 | D:2      | Killed Robin
  1585 | D:2      | Noticed Sigmund
  1598 | D:2      | Killed Sigmund
  1599 | D:2      | Reached skill level 5 in Earth Magic
  1599 | D:2      | Reached XP level 5. HP: 20/32 MP: 5/11
  1599 | D:2      | Reached XP level 6. HP: 23/37 MP: 5/12
  2018 | D:2      | Found Zeteidd's Magic Scroll Shoppe.
  2034 | D:2      | Bought a scroll of noise for 11 gold pieces
  2034 | D:2      | Bought 3 scrolls of identify for 66 gold pieces
  2034 | D:2      | Bought a scroll of identify for 22 gold pieces
  2764 | D:3      | Identified the +4 spear "Xeticlaj" {holy, Fragile Fly rF-
                  | Dex+6}
  3361 | D:4      | Found a radiant altar of Vehumet.
  3576 | D:4      | Reached XP level 7. HP: 42/42 MP: 12/14
  3817 | D:4      | Reached skill level 5 in Spellcasting
  4072 | D:5      | Entered Level 5 of the Dungeon
  4180 | D:5      | Found a shimmering altar of Xom.
  4195 | D:5      | Reached skill level 1 in Fighting
  4304 | D:5      | Reached skill level 1 in Short Blades
  4946 | D:6      | Reached XP level 8. HP: 48/48 MP: 13/17
  4971 | D:6      | Found a transporter.
  5528 | D:6      | Found a glowing silver altar of Zin.
  6146 | D:6      | Found a transporter.
  6584 | D:7      | Found a staircase to the Ecumenical Temple.
  6589 | D:7      | Found Faitooq's Magic Scroll Boutique.
  6618 | D:7      | HP: 1/46 [wight/+2 hand axe (13)]
  6620 | D:7      | Slain by a wight

Illustrated notes

Levels and vault maps discovered:
D:1:      wheals_arrival_shading, layout_loops_ring
D:2:      layout_loops_corners, serial_shops, shop_coins,
          amcnicky_mini_corridor_feature, uniq_robin, uniq_crazy_yiuf_cottage,
          uniq_sigmund
D:3:      minmay_door_path, layout_basic, grunt_ministairs_2,
          grunt_decor_junction
D:4:      layout_cave_pods, lemuel_crystal_altar
D:5:      layout_loops_ring, mainiacjoe_overflow_alcove_1, nicolae_wormholes
D:6:      gammafunk_cloud_chamber, layout_layer_cave, lemuel_crystal_altar
D:7:      layout_layer_cave, general_overflow_altar,
          minmay_temple_entry_gardened_gates, serial_shops, shop

Skill      XL: |  1  2  3  4  5  6  7  8 |
---------------+-------------------------+-----
Earth Magic    | 4 5 6 |  6.4
Spellcasting   | 4 6 |  6.4
Fighting       | 1 |  1.1
Short Blades   | 1 |  1.0
Stealth        | 4 |  4.0
Transmutations | 2 |  2.8
Dodging        | 3 |  3.0
Unarmed Combat | |  0.2
Evocations     | |  0.1

Action                     |  1- 3 |  4- 6 |  7- 9 || total
---------------------------+-------+-------+-------++-------
  Melee: Unarmed           |     8 |       |       ||     8
         Tentacles         |     7 |     4 |     7 ||    18
         Constrict         |     7 |     9 |     5 ||    21
         Dagger            |    12 |    24 |    18 ||    54
         Punch             |       |       |     1 ||     1
   Cast: Sandblast         |    30 |    58 |    61 ||   149
  Evoke: Wand              |       |       |     6 ||     6
    Use: Potion            |       |     3 |     5 ||     8
         Scroll            |       |     2 |    10 ||    12
   Stab: Sleeping          |       |     1 |     1 ||     2
 Armour: Skin              |     6 |     6 |     1 ||    13
  Dodge: Dodged            |    23 |    36 |    31 ||    90
